3A
PROVO MANGO @ YORK REVOLUTION
05/10/2025
 
TOP OF THE 1ST
Provo Mango batting - Pitching for York Revolution : RHP Delmar Llerena
Pitching: RHP Delmar Llerena
Batting: RHB Daniel Maldonado 0-0: Ball
1-0: Ball
2-0: Called Strike
2-1: Foul Ball, location: 2F
2-2: Ball
3-2: Strikes out looking
Batting: RHB James Pike 0-0: Ground out 6-3 (Groundball, 6)
Batting: RHB Restin P. Surambe 0-0: Called Strike
0-1: Ball
1-1: Swinging Strike
1-2: Strikes out swinging
Top of the 1st over - 0 run(s), 0 hit(s), 0 error(s), 0 left on base; Provo 0 - York 0
BOTTOM OF THE 1ST
York Revolution batting - Pitching for Provo Mango : RHP Ma Hon Keung
Pitching: RHP Ma Hon Keung
Batting: RHB Enrico Betancourt 0-0: Swinging Strike
0-1: Foul Ball, location: 2F
0-2: Ball
1-2: Ground out 1-3 (Groundball, 13S)
Batting: LHB Harold Wiggins 0-0: Foul Ball, location: 2F
0-1: Fly out, F8 (Flyball, 8LM)
Batting: RHB Leo Cadden 0-0: Foul Ball, location: 2F
0-1: Called Strike
0-2: Ball
1-2: Ball
2-2: Strikes out swinging
Bottom of the 1st over - 0 run(s), 0 hit(s), 0 error(s), 0 left on base; Provo 0 - York 0
TOP OF THE 2ND
Provo Mango batting - Pitching for York Revolution : RHP Delmar Llerena
Batting: RHB Mauro Longoria 0-0: Ball
1-0: Ball
2-0: SINGLE (Line Drive, 7S)
Batting: RHB Felipe Córdova 0-0: Ball
1-0: Ball
2-0: Called Strike
2-1: Ball
3-1: Called Strike
3-2: Foul Ball, location: 2F
3-2: Foul Ball, location: 2F
3-2: Strikes out swinging
Batting: RHB Franklin Varkevisser 0-0: Called Strike
0-1: Ball
1-1: Foul Ball, location: 2F
1-2: Foul Ball, location: 2F
1-2: Foul Ball, location: 2F
1-2: Ball
2-2: Strikes out swinging
Batting: RHB Jaquiski Tartt 0-0: Ball
1-0: Called Strike
1-1: Ball
2-1: Ball
3-1: Base on Balls
Mauro Longoria to second
Batting: RHB Jesús Ramos 0-0: Ball
1-0: Foul Ball, location: 2F
1-1: Ball
2-1: Ball
3-1: Foul Ball, location: 2F
3-2: Strikes out looking
Top of the 2nd over - 0 run(s), 1 hit(s), 0 error(s), 2 left on base; Provo 0 - York 0
BOTTOM OF THE 2ND
York Revolution batting - Pitching for Provo Mango : RHP Ma Hon Keung
Batting: RHB José Urruticodez 0-0: Ball
1-0: Foul Ball, location: 2F
1-1: Foul Ball, location: 2F
1-2: Ground out 6-3 (Groundball, 6)
Batting: SHB Roberto Córdova 0-0: Swinging Strike
0-1: Ground out 4-3 (Groundball, 34)
Batting: RHB Chano Guzmán 0-0: SINGLE (Line Drive, 78M)
Batting: RHB Martín Placido 0-0: Called Strike
0-1: Called Strike
0-2: Ball
1-2: SINGLE (Groundball, 34D)
Chano Guzmán to second
Runner from 2nd tries for 3rd, SAFE, throw made to third
Batting: SHB Mario Domondón 0-0: Ball
1-0: Called Strike
1-1: Fly out, F8 (Flyball, 8LM)
Bottom of the 2nd over - 0 run(s), 2 hit(s), 0 error(s), 2 left on base; Provo 0 - York 0
TOP OF THE 3RD
Provo Mango batting - Pitching for York Revolution : RHP Delmar Llerena
Batting: RHB António Quiñones 0-0: Swinging Strike
0-1: Ball
1-1: Foul Ball, location: 2F
1-2: Fly out, F9 (Flyball, 9)
Batting: RHB Daniel Maldonado 0-0: Called Strike
0-1: Fly out, F4 (Popup, 4D)
Batting: RHB James Pike 0-0: Ball
1-0: Called Strike
1-1: Swinging Strike
1-2: Ball
2-2: Foul Ball, location: 2F
2-2: Foul Ball, location: 2F
2-2: Strikes out looking
Top of the 3rd over - 0 run(s), 0 hit(s), 0 error(s), 0 left on base; Provo 0 - York 0
BOTTOM OF THE 3RD
York Revolution batting - Pitching for Provo Mango : RHP Ma Hon Keung
Batting: RHB Edgardo Bello 0-0: Ball
1-0: Swinging Strike
1-1: Ground out 6-3 (Groundball, 6)
Batting: RHB Enrico Betancourt 0-0: Fly out, F9 (Flyball, 89S)
Batting: LHB Harold Wiggins 0-0: Foul Ball, location: 2F
0-1: Ball
1-1: DOUBLE (Line Drive, 9LM)
Batting: RHB Leo Cadden 0-0: Ball
1-0: Ball
2-0: Called Strike
2-1: Ball
3-1: Fly out, F9 (Flyball, 9LSF)
Bottom of the 3rd over - 0 run(s), 1 hit(s), 0 error(s), 1 left on base; Provo 0 - York 0
TOP OF THE 4TH
Provo Mango batting - Pitching for York Revolution : RHP Delmar Llerena
Batting: RHB Restin P. Surambe 0-0: Swinging Strike
0-1: Swinging Strike
0-2: Foul Ball, location: 2F
0-2: Foul Ball, location: 2F
0-2: Strikes out swinging
Batting: RHB Mauro Longoria 0-0: Ball
1-0: Called Strike
1-1: Foul Ball, location: 2F
1-2: Fly out, F9 (Flyball, 89S)
Batting: RHB Felipe Córdova 0-0: Ground out 5-3 (Groundball, 5S)
Top of the 4th over - 0 run(s), 0 hit(s), 0 error(s), 0 left on base; Provo 0 - York 0
BOTTOM OF THE 4TH
York Revolution batting - Pitching for Provo Mango : RHP Ma Hon Keung
Batting: RHB José Urruticodez 0-0: DOUBLE (Groundball, 5L)
Batting: SHB Roberto Córdova 0-0: Ball
1-0: Foul Ball, location: 2F
1-1: DOUBLE (Flyball, 78D)
José Urruticodez scores
Batting: RHB Chano Guzmán 0-0: Ball
1-0: Called Strike
1-1: Fly out, F6 (Line Drive, 6)
Batting: RHB Martín Placido 0-0: Ground out U3 (Groundball, 3)
Roberto Córdova to third
Batting: SHB Mario Domondón 0-0: Called Strike
0-1: Fly out, F8 (Flyball, 78M)
Bottom of the 4th over - 1 run(s), 2 hit(s), 0 error(s), 1 left on base; Provo 0 - York 1
TOP OF THE 5TH
Provo Mango batting - Pitching for York Revolution : RHP Delmar Llerena
Batting: RHB Franklin Varkevisser 0-0: Ball
1-0: Ball
2-0: Ball
3-0: Called Strike
3-1: Swinging Strike
3-2: Strikes out swinging
Batting: RHB Jaquiski Tartt 0-0: Called Strike
0-1: Foul Ball, location: 2F
0-2: Strikes out looking
Batting: RHB Jesús Ramos 0-0: Ball
1-0: Fly out, F8 (Flyball, 8LD)
Top of the 5th over - 0 run(s), 0 hit(s), 0 error(s), 0 left on base; Provo 0 - York 1
BOTTOM OF THE 5TH
York Revolution batting - Pitching for Provo Mango : RHP Ma Hon Keung
Batting: RHB Edgardo Bello 0-0: Ball
1-0: Called Strike
1-1: Foul Ball, location: 2F
1-2: Ball
2-2: Foul Ball, location: 2F
2-2: Foul Ball, location: 2F
2-2: Fly out, F9 (Flyball, 89M)
Batting: RHB Enrico Betancourt 0-0: Fly out, F9 (Flyball, 9LMF)
Batting: LHB Harold Wiggins 0-0: Called Strike
0-1: Ball
1-1: Foul Ball, location: 2F
1-2: Fly out, F7 (Flyball, 7S)
Bottom of the 5th over - 0 run(s), 0 hit(s), 0 error(s), 0 left on base; Provo 0 - York 1
TOP OF THE 6TH
Provo Mango batting - Pitching for York Revolution : RHP Delmar Llerena
Batting: RHB António Quiñones 0-0: Ball
1-0: Swinging Strike
1-1: Ball
2-1: Reached on error, E5 (Groundball, 56)
Pitching: RHP Roger Serr
Batting: RHB Daniel Maldonado 0-0: Fly out, F8 (Flyball, 78S)
Batting: RHB James Pike 0-0: Called Strike
0-1: Ball
1-1: Called Strike
1-2: TRIPLE (Flyball, 78D)
António Quiñones scores
Batting: RHB Restin P. Surambe 0-0: Intentional Walk
Batting: RHB Mauro Longoria 0-0: Swinging Strike
0-1: Ball
1-1: Grounds into double play, 6-4-3 (Groundball, 6)
Top of the 6th over - 1 run(s), 1 hit(s), 1 error(s), 1 left on base; Provo 1 - York 1
BOTTOM OF THE 6TH
York Revolution batting - Pitching for Provo Mango : RHP Ma Hon Keung
Batting: RHB Leo Cadden 0-0: Ball
1-0: Ground out 3-1 (Groundball, 34S)
Batting: RHB José Urruticodez 0-0: Foul Ball, location: 2F
0-1: Swinging Strike
0-2: Ball
1-2: Ball
2-2: Strikes out swinging
Batting: SHB Roberto Córdova 0-0: Called Strike
0-1: Foul Ball, location: 2F
0-2: Ball
1-2: Ball
2-2: Foul Ball, location: 2F
2-2: Foul Ball, location: 2F
2-2: Ground out 5-3 (Groundball, 56)
Bottom of the 6th over - 0 run(s), 0 hit(s), 0 error(s), 0 left on base; Provo 1 - York 1
TOP OF THE 7TH
Provo Mango batting - Pitching for York Revolution : RHP Roger Serr
Pinch Hitting: SHB Jesús Herrera 0-0: Ball
1-0: Called Strike
1-1: Foul Ball, location: 2F
1-2: SINGLE (Groundball, 6MD)
Pinch Hitting: RHB Juan Morales 0-0: Bunted foul
0-1: Ball
1-1: Sac Bunt - play at first, batter OUT! 1-4
Jesús Herrera to second
Pinch Hitting: SHB Salvador Salinas 0-0: Intentional Walk
Pinch Hitting: RHB António Marquis 0-0: Ball
1-0: Called Strike
1-1: Swinging Strike
1-2: Ball
2-2: Strikes out looking
Batting: RHB António Quiñones 0-0: Ball
1-0: Called Strike
1-1: Fielders Choice at 2nd, 6-4 (Groundball, 6)
Top of the 7th over - 0 run(s), 1 hit(s), 0 error(s), 1 left on base; Provo 1 - York 1
BOTTOM OF THE 7TH
York Revolution batting - Pitching for Provo Mango : RHP Ma Hon Keung
Pitching: LHP Igarashi Momoru
Now at 1B: José Bernal
Now at 2B: António Marquis
Now at SS: Jesús Herrera
Now in LF: Salvador Salinas
Batting: RHB Chano Guzmán 0-0: Ball
1-0: Fly out, F9 (Flyball, 9)
Batting: RHB Martín Placido 0-0: Ball
1-0: Foul Ball, location: 2F
1-1: Fly out, F7 (Flyball, 78M)
Pinch Hitting: RHB Carlos Meléndez 0-0: Called Strike
0-1: Ball
1-1: Foul Ball, location: 2F
1-2: Ball
2-2: Foul Ball, location: 2F
2-2: Fly out, F7 (Line Drive, 78S)
Bottom of the 7th over - 0 run(s), 0 hit(s), 0 error(s), 0 left on base; Provo 1 - York 1
TOP OF THE 8TH
Provo Mango batting - Pitching for York Revolution : RHP Roger Serr
Now in RF: Terry Cheadle
Batting: RHB Daniel Maldonado 0-0: Called Strike
0-1: Foul Ball, location: 2F
0-2: Ground out 6-3 (Groundball, 6)
Pitching: RHP Denis Leleu
Batting: RHB James Pike 0-0: Ball
1-0: Swinging Strike
1-1: Ball
2-1: Fly out, F7 (Flyball, 78M)
Batting: RHB Restin P. Surambe 0-0: Called Strike
0-1: Ball
1-1: Swinging Strike
1-2: Ball
2-2: Strikes out swinging
Top of the 8th over - 0 run(s), 0 hit(s), 0 error(s), 0 left on base; Provo 1 - York 1
BOTTOM OF THE 8TH
York Revolution batting - Pitching for Provo Mango : LHP Igarashi Momoru
Batting: RHB Edgardo Bello 0-0: Ground out 5-3 (Groundball, 5)
Batting: RHB Enrico Betancourt 0-0: Called Strike
0-1: Called Strike
0-2: Ball
1-2: Strikes out swinging
Pinch Hitting: RHB Dave Hastings 0-0: Swinging Strike
0-1: Swinging Strike
0-2: Fly out, F9 (Line Drive, 9)
Bottom of the 8th over - 0 run(s), 0 hit(s), 0 error(s), 0 left on base; Provo 1 - York 1
TOP OF THE 9TH
Provo Mango batting - Pitching for York Revolution : RHP Denis Leleu
Pitching: RHP Chang-bum P'i
Now in LF: Dave Hastings
Batting: RHB Mauro Longoria 0-0: Swinging Strike
0-1: Ball
1-1: Called Strike
1-2: Fly out, F7 (Flyball, 7D)
Batting: SHB Jesús Herrera 0-0: Ball
1-0: Ground out 1-3 (Groundball, 13S)
Pinch Hitting: RHB Salvador Bueno 0-0: Called Strike
0-1: Called Strike
0-2: Strikes out looking
Top of the 9th over - 0 run(s), 0 hit(s), 0 error(s), 0 left on base; Provo 1 - York 1
BOTTOM OF THE 9TH
York Revolution batting - Pitching for Provo Mango : LHP Igarashi Momoru
Now at 1B: Jim Unknown
Batting: RHB Leo Cadden 0-0: Ground out 6-3 (Groundball, 6S)
Batting: RHB José Urruticodez 0-0: Called Strike
0-1: Foul Ball, location: 2F
0-2: Ball
1-2: Ball
2-2: Ball
3-2: Base on Balls
Batting: SHB Roberto Córdova 0-0: Ball
1-0: Ball
José Urruticodez steals 2nd base
2-0: Fly out, F9 (Flyball, 9)
Batting: RHB Chano Guzmán 0-0: Ball
Passed Ball!
José Urruticodez to third
1-0: Ground out 6-3 (Groundball, 6)
Bottom of the 9th over - 0 run(s), 0 hit(s), 0 error(s), 1 left on base; Provo 1 - York 1
TOP OF THE 10TH
Provo Mango batting - Pitching for York Revolution : RHP Chang-bum P'i
Batting: SHB Salvador Salinas 0-0: Called Strike
0-1: Ball
1-1: Ball
2-1: Fly out, F3 (Popup, 3L)
Batting: RHB António Marquis 0-0: Fly out, F2 (Popup, 15S)
Batting: RHB António Quiñones 0-0: Called Strike
0-1: Foul Ball, location: 2F
0-2: Ball
1-2: Fly out, F6 (Line Drive, 6)
Top of the 10th over - 0 run(s), 0 hit(s), 0 error(s), 0 left on base; Provo 1 - York 1
BOTTOM OF THE 10TH
York Revolution batting - Pitching for Provo Mango : LHP Igarashi Momoru
Batting: RHB Martín Placido 0-0: Ball
1-0: Foul Ball, location: 2F
1-1: Swinging Strike
1-2: Ball
2-2: Ball
3-2: Base on Balls
Pinch Hitting: RHB Jorge Estrada 0-0: Sac Bunt - play at first, batter OUT! 2-3
Martín Placido to second
Batting: RHB Edgardo Bello 0-0: Ball
1-0: Foul Ball, location: 2F
1-1: Foul Ball, location: 2F
1-2: Ball
2-2: Strikes out swinging
Batting: RHB Enrico Betancourt 0-0: Ground out 3-1 (Groundball, 34)
Bottom of the 10th over - 0 run(s), 0 hit(s), 0 error(s), 1 left on base; Provo 1 - York 1
TOP OF THE 11TH
Provo Mango batting - Pitching for York Revolution : RHP Chang-bum P'i
Pitching: LHP Robinson Agrón
Now at 3B: Jorge Estrada
Batting: RHB Daniel Maldonado 0-0: Ball
1-0: Ball
2-0: Called Strike
2-1: SINGLE (Line Drive, 56D)
Batting: RHB James Pike 0-0: Bunt missed!
0-1: Ball
Daniel Maldonado is caught stealing 2nd base
1-1: Ground out 5-3 (Groundball, 56S)
Batting: RHB Restin P. Surambe 0-0: Called Strike
0-1: Ball
1-1: Ball
2-1: Fly out, F9 (Flyball, 9S)
Top of the 11th over - 0 run(s), 1 hit(s), 0 error(s), 0 left on base; Provo 1 - York 1
BOTTOM OF THE 11TH
York Revolution batting - Pitching for Provo Mango : LHP Igarashi Momoru
Batting: RHB Dave Hastings 0-0: Ball
1-0: Ball
2-0: Called Strike
2-1: Ball
3-1: Fly out, F9 (Flyball, 9)
Batting: RHB Leo Cadden 0-0: Foul Ball, location: 2F
0-1: Ball
1-1: Ball
2-1: Ball
3-1: Fly out, F8 (Line Drive, 8LD)
Batting: RHB José Urruticodez 0-0: Called Strike
0-1: Ball
1-1: Ball
2-1: Ground out 1-3 (Groundball, 15)
Bottom of the 11th over - 0 run(s), 0 hit(s), 0 error(s), 0 left on base; Provo 1 - York 1
TOP OF THE 12TH
Provo Mango batting - Pitching for York Revolution : LHP Robinson Agrón
Batting: RHB Mauro Longoria 0-0: Called Strike
0-1: Ball
1-1: Called Strike
1-2: Foul Ball, location: 2F
1-2: Foul Ball, location: 2F
1-2: Ball
2-2: Strikes out swinging
Batting: SHB Jesús Herrera 0-0: Ball
1-0: SINGLE (Groundball, 34D)
Pinch Hitting: RHB José Salazar 0-0: Ball
1-0: Ball
Jesús Herrera is caught stealing 2nd base
2-0: Foul Ball, location: 2F
2-1: Ball
3-1: Base on Balls
Batting: SHB Salvador Salinas 0-0: Foul Ball, location: 2F
0-1: SINGLE (Groundball, 4MD)
José Salazar to second
Runner from 2nd tries for 3rd, SAFE, throw made to third
Salvador Salinas to second
Batting: RHB António Marquis 0-0: Intentional Walk
Batting: RHB António Quiñones 0-0: Ball
1-0: Ball
2-0: Fly out, F8 (Flyball, 8RM)
Top of the 12th over - 0 run(s), 2 hit(s), 0 error(s), 3 left on base; Provo 1 - York 1
BOTTOM OF THE 12TH
York Revolution batting - Pitching for Provo Mango : LHP Igarashi Momoru
Pitching: LHP Nick Riviera
Now at 1B: José Salazar
Batting: SHB Roberto Córdova 0-0: Called Strike
0-1: Swinging Strike
0-2: Ball
1-2: Ball
2-2: Foul Ball, location: 2F
2-2: Strikes out swinging
Batting: RHB Chano Guzmán 0-0: Foul Ball, location: 2F
0-1: Ball
1-1: Ball
2-1: Swinging Strike
2-2: Strikes out swinging
Batting: RHB Martín Placido 0-0: Ball
1-0: Called Strike
1-1: Foul Ball, location: 2F
1-2: Ball
2-2: Ground out 6-3 (Groundball, 6)
Bottom of the 12th over - 0 run(s), 0 hit(s), 0 error(s), 0 left on base; Provo 1 - York 1
TOP OF THE 13TH
Provo Mango batting - Pitching for York Revolution : LHP Robinson Agrón
Batting: RHB Daniel Maldonado 0-0: Ball
1-0: Called Strike
1-1: Ball
2-1: Swinging Strike
2-2: Ball
3-2: Strikes out swinging
Batting: RHB James Pike 0-0: Fly out, F7 (Flyball, 7S)
Batting: RHB Restin P. Surambe 0-0: Fly out, F8 (Flyball, 89M)
Top of the 13th over - 0 run(s), 0 hit(s), 0 error(s), 0 left on base; Provo 1 - York 1
BOTTOM OF THE 13TH
York Revolution batting - Pitching for Provo Mango : LHP Nick Riviera
Batting: RHB Jorge Estrada 0-0: Ball
1-0: Ball
2-0: Foul Ball, location: 2F
2-1: Ball
3-1: Called Strike
3-2: Fly out, F7 (Line Drive, 7S)
Batting: RHB Edgardo Bello 0-0: SINGLE (Line Drive, 8LS)
Pinch Runner at 1st Manny Cervantes:
Batting: RHB Enrico Betancourt 0-0: Ball
1-0: Foul Ball, location: 2F
1-1: Foul Ball, location: 2F
1-2: Strikes out looking
Batting: RHB Dave Hastings 0-0: Called Strike
0-1: SINGLE (Line Drive, 7LM)
Manny Cervantes to second
Runner from 2nd tries for 3rd, SAFE, throw made to third
Batting: RHB Leo Cadden 0-0: Called Strike
0-1: Ball
1-1: Swinging Strike
1-2: Ball
2-2: Ball
3-2: Foul Ball, location: 2F
3-2: Foul Ball, location: 2F
3-2: Foul Ball, location: 2F
3-2: Base on Balls
Dave Hastings to second
Batting: RHB José Urruticodez 0-0: Foul Ball, location: 2F
0-1: Called Strike
0-2: Strikes out swinging
Bottom of the 13th over - 0 run(s), 2 hit(s), 0 error(s), 3 left on base; Provo 1 - York 1
TOP OF THE 14TH
Provo Mango batting - Pitching for York Revolution : LHP Robinson Agrón
Now at C: Rafael Crava
Batting: RHB Mauro Longoria 0-0: Ball
1-0: Ball
2-0: Called Strike
2-1: Ground out 5-3 (Groundball, 56S)
Batting: SHB Jesús Herrera 0-0: Ball
1-0: Called Strike
1-1: Called Strike
1-2: Foul Ball, location: 2F
1-2: Foul Ball, location: 2F
1-2: Ball
2-2: Ball
3-2: Foul Ball, location: 2F
3-2: Base on Balls
Batting: RHB José Salazar 0-0: Ball
1-0: Fly out, F8 (Flyball, 89M)
Batting: SHB Salvador Salinas 0-0: Ball
1-0: Swinging Strike
1-1: Ball
2-1: Foul Ball, location: 2F
2-2: Ball
3-2: Strikes out swinging
Top of the 14th over - 0 run(s), 0 hit(s), 0 error(s), 1 left on base; Provo 1 - York 1
BOTTOM OF THE 14TH
York Revolution batting - Pitching for Provo Mango : LHP Nick Riviera
Pitching: RHP Víctor Torres
Pinch Hitting: RHB Jim Unknown 0-0: Ball
1-0: Ball
2-0: Swinging Strike
2-1: Foul Ball, location: 2F
2-2: Ball
3-2: Foul Ball, location: 2F
3-2: Strikes out swinging
Batting: RHB Chano Guzmán 0-0: Called Strike
0-1: Ground out 6-3 (Groundball, 6MD)
Batting: RHB Martín Placido 0-0: Fly out, F8 (Flyball, 8RM)
Bottom of the 14th over - 0 run(s), 0 hit(s), 0 error(s), 0 left on base; Provo 1 - York 1
TOP OF THE 15TH
Provo Mango batting - Pitching for York Revolution : LHP Robinson Agrón
Now at 3B: Jim Unknown
Batting: RHB António Marquis 0-0: Ball
1-0: Ball
2-0: SINGLE (Flyball, 8RS)
Batting: RHB António Quiñones 0-0: Sac Bunt - play at first, batter OUT! 1-4
António Marquis to second
Batting: RHB Daniel Maldonado 0-0: Intentional Walk
Batting: RHB James Pike 0-0: Foul Ball, location: 2F
0-1: Ball
1-1: Ball
2-1: Foul Ball, location: 2F
2-2: Strikes out swinging
Pitching: RHP Raúl Molina
Batting: RHB Restin P. Surambe 0-0: Foul Ball, location: 2F
0-1: Ball
1-1: Foul Ball, location: 2F
1-2: Strikes out swinging
Top of the 15th over - 0 run(s), 1 hit(s), 0 error(s), 2 left on base; Provo 1 - York 1
BOTTOM OF THE 15TH
York Revolution batting - Pitching for Provo Mango : RHP Víctor Torres
Batting: RHB Jorge Estrada 0-0: Ball
1-0: SINGLE (Groundball, 6MD)
Batting: RHB Rafael Crava 0-0: Bunted foul
0-1: Sac Bunt - play at first, batter OUT! 5-4
Jorge Estrada to second
Batting: RHB Enrico Betancourt 0-0: Called Strike
0-1: Called Strike
0-2: Ball
1-2: Fly out, F8 (Flyball, 8LD)
Runner from 2nd tags up, SAFE at 3rd, no throw
Batting: RHB Dave Hastings 0-0: Ball
1-0: Fly out, F7 (Flyball, 78M)
Bottom of the 15th over - 0 run(s), 1 hit(s), 0 error(s), 1 left on base; Provo 1 - York 1
TOP OF THE 16TH
Provo Mango batting - Pitching for York Revolution : RHP Raúl Molina
Batting: RHB Mauro Longoria 0-0: Ball
1-0: Called Strike
1-1: SINGLE (Line Drive, 5D)
Batting: SHB Jesús Herrera 0-0: Ball
1-0: Fly out, F9 (Line Drive, 9LM)
Batting: RHB José Salazar 0-0: Ball
1-0: Ball
2-0: Ball
3-0: Called Strike
3-1: Swinging Strike
3-2: Foul Ball, location: 2F
3-2: Strikes out looking
Batting: SHB Salvador Salinas 0-0: Ball
1-0: Swinging Strike
1-1: Fielders Choice at 2nd, 6-4 (Groundball, 6)
Top of the 16th over - 0 run(s), 1 hit(s), 0 error(s), 0 left on base; Provo 1 - York 1
BOTTOM OF THE 16TH
York Revolution batting - Pitching for Provo Mango : RHP Víctor Torres
Batting: RHB Leo Cadden 0-0: Ball
1-0: SINGLE (Groundball, 25) (infield hit)
Batting: RHB José Urruticodez 0-0: Ball
1-0: Foul Ball, location: 2F
1-1: Reached on error, E9 (Line Drive, 9)
Leo Cadden to second
Batting: RHB Jim Unknown 0-0: Ball
1-0: Ball
2-0: Swinging Strike
2-1: Ball
3-1: Base on Balls
Leo Cadden to third
José Urruticodez to second
Batting: RHB Chano Guzmán 0-0: Ball
1-0: Grounds into fielders choice 5-2 (Groundball, 5)
José Urruticodez to third
Jim Unknown to second
Batting: RHB Martín Placido 0-0: Swinging Strike
0-1: Called Strike
0-2: Ball
1-2: Strikes out swinging
Batting: RHB Jorge Estrada 0-0: Ground out U3 (Groundball, 34)
Bottom of the 16th over - 0 run(s), 1 hit(s), 1 error(s), 3 left on base; Provo 1 - York 1
TOP OF THE 17TH
Provo Mango batting - Pitching for York Revolution : RHP Raúl Molina
Batting: RHB António Marquis 0-0: Foul Ball, location: 2F
0-1: Called Strike
0-2: Ball
1-2: Ground out 6-3 (Groundball, 6)
Batting: RHB António Quiñones 0-0: Ball
1-0: Swinging Strike
1-1: Ball
2-1: Foul Ball, location: 2F
2-2: Ball
3-2: Foul Ball, location: 2F
3-2: SINGLE (Flyball, 8RS)
Batting: RHB Daniel Maldonado 0-0: Ball
1-0: Ball
2-0: Called Strike
2-1: Fly out, F7 (Flyball, 7)
Batting: RHB James Pike 0-0: Ball
1-0: Ball
2-0: Foul Ball, location: 2F
2-1: Foul Ball, location: 2F
2-2: Strikes out swinging
Top of the 17th over - 0 run(s), 1 hit(s), 0 error(s), 1 left on base; Provo 1 - York 1
BOTTOM OF THE 17TH
York Revolution batting - Pitching for Provo Mango : RHP Víctor Torres
Batting: RHB Rafael Crava 0-0: Swinging Strike
0-1: Ball
1-1: Called Strike
1-2: Strikes out swinging
Batting: RHB Enrico Betancourt 0-0: Fly out, F8 (Flyball, 8RM)
Batting: RHB Dave Hastings 0-0: Ball
1-0: Called Strike
1-1: Ground out 4-3 (Groundball, 4)
Bottom of the 17th over - 0 run(s), 0 hit(s), 0 error(s), 0 left on base; Provo 1 - York 1
TOP OF THE 18TH
Provo Mango batting - Pitching for York Revolution : RHP Raúl Molina
Batting: RHB Restin P. Surambe 0-0: Ball
1-0: Called Strike
1-1: Ball
2-1: Ball
3-1: Called Strike
3-2: Base on Balls
Batting: RHB Mauro Longoria 0-0: Called Strike
0-1: Fly out, F7 (Line Drive, 78M)
Batting: SHB Jesús Herrera 0-0: Ball
1-0: Called Strike
1-1: Foul Ball, location: 2F
1-2: Foul Ball, location: 2F
1-2: Foul Ball, location: 2F
1-2: Grounds into double play, 6-4-3 (Groundball, 6)
Top of the 18th over - 0 run(s), 0 hit(s), 0 error(s), 0 left on base; Provo 1 - York 1
BOTTOM OF THE 18TH
York Revolution batting - Pitching for Provo Mango : RHP Víctor Torres
Batting: RHB Leo Cadden 0-0: Swinging Strike
0-1: Fly out, F9 (Flyball, 89S)
Batting: RHB José Urruticodez 0-0: Foul Ball, location: 2F
0-1: Ball
1-1: Ball
2-1: Ball
3-1: Base on Balls
Batting: RHB Jim Unknown 0-0: Ball
José Urruticodez steals 2nd base
1-0: Intentional Walk
Batting: RHB Chano Guzmán 0-0: Ball
1-0: Grounds into double play, 6-4-3 (Groundball, 6)
Bottom of the 18th over - 0 run(s), 0 hit(s), 0 error(s), 1 left on base; Provo 1 - York 1
TOP OF THE 19TH
Provo Mango batting - Pitching for York Revolution : RHP Raúl Molina
Batting: RHB José Salazar 0-0: Called Strike
0-1: Ball
1-1: Called Strike
1-2: Strikes out swinging
Batting: SHB Salvador Salinas 0-0: Called Strike
0-1: Ball
1-1: Swinging Strike
1-2: Strikes out swinging
Batting: RHB António Marquis 0-0: Called Strike
0-1: Ground out 1-3 (Groundball, 13)
Top of the 19th over - 0 run(s), 0 hit(s), 0 error(s), 0 left on base; Provo 1 - York 1
BOTTOM OF THE 19TH
York Revolution batting - Pitching for Provo Mango : RHP Víctor Torres
Batting: RHB Martín Placido 0-0: Ground out 6-3 (Groundball, 6S)
Batting: RHB Jorge Estrada 0-0: Ball
1-0: Called Strike
1-1: Ball
2-1: Called Strike
2-2: Ground out 5-3 (Groundball, 25)
Batting: RHB Rafael Crava 0-0: Ball
1-0: Called Strike
1-1: Ball
2-1: Ground out 6-3 (Groundball, 6)
Bottom of the 19th over - 0 run(s), 0 hit(s), 0 error(s), 0 left on base; Provo 1 - York 1
TOP OF THE 20TH
Provo Mango batting - Pitching for York Revolution : RHP Raúl Molina
Batting: RHB António Quiñones 0-0: Ball
1-0: Ball
2-0: Foul Ball, location: 2F
2-1: Foul Ball, location: 2F
2-2: SINGLE (Line Drive, 56D)
Batting: RHB Daniel Maldonado 0-0: Ball
1-0: Called Strike
1-1: Called Strike
1-2: Ball
2-2: Foul Ball, location: 2F
2-2: Grounds into double play, 6-4-3 (Groundball, 6)
Batting: RHB James Pike 0-0: Called Strike
0-1: Called Strike
0-2: Ball
1-2: Foul Ball, location: 2F
1-2: Fly out, F9 (Flyball, 9)
Top of the 20th over - 0 run(s), 1 hit(s), 0 error(s), 0 left on base; Provo 1 - York 1
BOTTOM OF THE 20TH
York Revolution batting - Pitching for Provo Mango : RHP Víctor Torres
Pitching: RHP Freddie Woombill
Batting: RHB Enrico Betancourt 0-0: Called Strike
0-1: Called Strike
0-2: Strikes out swinging
Batting: RHB Dave Hastings 0-0: Ball
1-0: Swinging Strike
1-1: Foul Ball, location: 2F
1-2: Foul Ball, location: 2F
1-2: Foul Ball, location: 2F
1-2: Strikes out swinging
Batting: RHB Leo Cadden 0-0: Ball
1-0: Ball
2-0: Ball
3-0: Called Strike
3-1: Base on Balls
Batting: RHB José Urruticodez 0-0: Swinging Strike
0-1: Ball
1-1: Foul Ball, location: 2F
1-2: Ball
2-2: Ball
3-2: Foul Ball, location: 2F
3-2: Fly out, F9 (Flyball, 9S)
Bottom of the 20th over - 0 run(s), 0 hit(s), 0 error(s), 1 left on base; Provo 1 - York 1
TOP OF THE 21ST
Provo Mango batting - Pitching for York Revolution : RHP Raúl Molina
Batting: RHB Restin P. Surambe 0-0: Reached on error, E5 (Groundball, 56S)
Batting: RHB Mauro Longoria 0-0: Ball
1-0: SINGLE (Line Drive, 4M)
Restin P. Surambe to second
Batting: SHB Jesús Herrera 0-0: Foul Ball, location: 2F
0-1: Fielders Choice at 2nd, 1-6 (Groundball, P)
Restin P. Surambe to third
Batting: RHB José Salazar 0-0: Ball
1-0: Fly out, F8 (Flyball, 78M)
Batting: SHB Salvador Salinas 0-0: Ball
1-0: Foul Ball, location: 2F
1-1: Called Strike
1-2: Foul Ball, location: 2F
1-2: Ball
2-2: Foul Ball, location: 2F
2-2: Ground out 4-3 (Groundball, 34)
Top of the 21st over - 0 run(s), 1 hit(s), 1 error(s), 2 left on base; Provo 1 - York 1
BOTTOM OF THE 21ST
York Revolution batting - Pitching for Provo Mango : RHP Freddie Woombill
Batting: RHB Jim Unknown 0-0: Ball
1-0: Foul Ball, location: 2F
1-1: Swinging Strike
1-2: Ground out 6-3 (Groundball, 6)
Batting: RHB Chano Guzmán 0-0: Ball
1-0: Ball
2-0: Called Strike
2-1: Foul Ball, location: 2F
2-2: Ball
3-2: Base on Balls
Pinch Runner at 1st Francisco Rodríguez:
Batting: RHB Martín Placido 0-0: Called Strike
0-1: Swinging Strike
0-2: Ball
1-2: Strikes out looking
Batting: RHB Jorge Estrada 0-0: Swinging Strike
0-1: Ball
1-1: Ball
2-1: Swinging Strike
2-2: Ball
3-2: Strikes out swinging
Bottom of the 21st over - 0 run(s), 0 hit(s), 0 error(s), 1 left on base; Provo 1 - York 1
TOP OF THE 22ND
Provo Mango batting - Pitching for York Revolution : RHP Raúl Molina
Now at 1B: Jorge Barrón
Batting: RHB António Marquis 0-0: Ball
1-0: Ball
2-0: Called Strike
2-1: Foul Ball, location: 2F
2-2: Fly out, F4 (Flyball, 34D)
Batting: RHB António Quiñones 0-0: Ball
1-0: Ball
2-0: Ball
3-0: Called Strike
3-1: Called Strike
3-2: Fly out, F8 (Flyball, 8RM)
Batting: RHB Daniel Maldonado 0-0: Ball
1-0: Ball
2-0: Ball
3-0: Base on Balls
Pitching: RHP Paul Anderson
Batting: RHB James Pike 0-0: Swinging Strike
0-1: Ball
1-1: Foul Ball, location: 2F
1-2: Ball
2-2: Fly out, F8 (Flyball, 8RM)
Top of the 22nd over - 0 run(s), 0 hit(s), 0 error(s), 1 left on base; Provo 1 - York 1
BOTTOM OF THE 22ND
York Revolution batting - Pitching for Provo Mango : RHP Freddie Woombill
Batting: RHB Rafael Crava 0-0: SINGLE (Line Drive, 56D)
Batting: RHB Enrico Betancourt 0-0: Sac Bunt - play at first, batter OUT! 5-3
Rafael Crava to second
Batting: RHB Dave Hastings 0-0: Ball
1-0: Called Strike
1-1: Ball
2-1: Swinging Strike
2-2: Fly out, F7 (Flyball, 7)
Batting: RHB Leo Cadden 0-0: Ball
Wild Pitch!
Rafael Crava to third
1-0: Called Strike
1-1: Ball
2-1: Ground out 4-3 (Groundball, 4)
Bottom of the 22nd over - 0 run(s), 1 hit(s), 0 error(s), 1 left on base; Provo 1 - York 1
TOP OF THE 23RD
Provo Mango batting - Pitching for York Revolution : RHP Paul Anderson
Batting: RHB Restin P. Surambe 0-0: Foul Ball, location: 2F
0-1: Ball
1-1: Swinging Strike
1-2: Strikes out looking
Batting: RHB Mauro Longoria 0-0: Called Strike
0-1: SINGLE (Flyball, 9LS)
Batting: SHB Jesús Herrera 0-0: Called Strike
0-1: Ball
1-1: Ball
2-1: Foul Ball, location: 2F
2-2: Ball
3-2: SINGLE (Line Drive, 78M)
Mauro Longoria to second
Batting: RHB José Salazar 0-0: Ball
1-0: Ball
2-0: Called Strike
2-1: Ball
3-1: Swinging Strike
3-2: Strikes out swinging
Batting: SHB Salvador Salinas 0-0: Foul Ball, location: 2F
0-1: DOUBLE (Line Drive, 9)
Mauro Longoria scores
Jesús Herrera to third
Batting: RHB António Marquis 0-0: Intentional Walk
Batting: RHB António Quiñones 0-0: Foul Ball, location: 2F
0-1: Foul Ball, location: 2F
0-2: Ball
1-2: Strikes out swinging
Top of the 23rd over - 1 run(s), 3 hit(s), 0 error(s), 3 left on base; Provo 2 - York 1
BOTTOM OF THE 23RD
York Revolution batting - Pitching for Provo Mango : RHP Freddie Woombill
Batting: RHB José Urruticodez 0-0: Called Strike
0-1: Called Strike
0-2: Ball
1-2: Foul Ball, location: 2F
1-2: Ball
2-2: Ball
3-2: Ground out 5-3 (Groundball, 5D)
Pitching: RHP Héctor Barrera
Batting: RHB Jim Unknown 0-0: Ball
1-0: Ball
2-0: Swinging Strike
2-1: Swinging Strike
2-2: Strikes out swinging
Batting: RHB Jorge Barrón 0-0: Ground out 5-3 (Groundball, 56)
Bottom of the 23rd over - 0 run(s), 0 hit(s), 0 error(s), 0 left on base; Provo 2 - York 1
Friday, December 30th, 2016 - OOTP Baseball 17.12 Build 75